 Dungeon Crawl Stone Soup version 0.30-a0-49-g1cef19eb02 (webtiles) character file.

Game seed: 2932601135264431880

23 scionoferis the Grasshopper (level 2, 0/26 HPs)
             Began as a Naga Warper on Sept 2, 2022.
             Slain by an adder (3 damage)
             ... on level 2 of the Dungeon.
             The game lasted 00:02:20 (1149 turns).

scionoferis the Grasshopper (Naga Warper)           Turns: 1149, Time: 00:02:21

Health: 0/26       AC:  4    Str: 13    XL:     2   Next: 95%
Magic:  5/5        EV:  9    Int: 13    God:
Gold:   42         SH:  0    Dex: 10    Spells: 3/5 levels left

rFire   . . .      SeeInvis +    a - +0 falchion
rCold   + . .      Faith    .    (no shield)
rNeg    . . .      Spirit   .    b - +0 leather armour
rPois   +          Reflect  .    (no helmet)
rElec   .          Harm     .    o - +1 cloak {rPois}
rCorr   .          Rampage  .    (no gloves)
Will    .....                    (no barding)
Stlth   +.........               (no amulet)
HPRegen 0.08/turn                e - ring of protection from cold
MPRegen 0.09/turn                (no ring)

@: flying, very slow
A: AC +0, large, see invisible, deformed body, poison resistance, slowness 2,
spit poison 1, naga tail 1
a: Spit Poison


You were on level 2 of the Dungeon.
You visited 1 branch of the dungeon, and saw 2 of its levels.

You collected 42 gold pieces.

Inventory:

Hand Weapons
 a - a +0 falchion (weapon)
 f - a +0 sling
Missiles
 d - 7 boomerangs of dispersal (quivered)
Armour
 b - a +0 leather armour (worn)
 o - a +1 cloak of poison resistance (worn)
Jewellery
 e - a ring of protection from cold (left hand)
 j - a ring of fire
Scrolls
 c - 2 scrolls of blinking
 g - a scroll of teleportation {unknown}
 i - a scroll of identify {unknown}
 n - a scroll of fog {unknown}
Potions
 k - a potion of curing {unknown}
 l - a potion of ambrosia {unknown}
 m - a potion of might {unknown}


   Skills:
 - Level 2.0 Fighting
 * Level 2.7 Long Blades
 - Level 0.8 Throwing
 - Level 0.7 Armour
 - Level 1.5 Dodging
 + Level 2.3 Spellcasting
 + Level 3.2 Translocations


You had 3 spell levels left.
You knew the following spells:

 Your Spells              Type           Power      Damage    Failure   Level
a - Blink                 Tloc           20%        N/A       12%         2

Your spell library contained the following spells:

 Spells                   Type           Power      Damage    Failure   Level
 Gell's Gravitas          Tloc           10%        N/A       24%         3
 Lesser Beckoning         Tloc           10%        N/A       24%         3
 Teleport Other           Tloc           10%        N/A       24%         3
 Ensorcelled Hibernation  Hex/Ice        2%         N/A       43%         2
 Passwall                 Tmut/Erth      0%         N/A       43%         2
 Swiftness                Air            1%         N/A       67%         3
 Manifold Assault         Tloc           10%        N/A       92%         5


Dungeon Overview and Level Annotations

Branches:
Dungeon (2/15)

Altars:

Shops:
D:1 (


Innate Abilities, Weirdness & Mutations

Your serpentine skin is tough. (AC +0)
You have supernaturally acute eyesight. (SInv)
Armour fits poorly on your strangely shaped body.
Your system is resistant to poisons. (rPois)
You cover ground very slowly.
You can spit poison.
You have a snake-like lower body.


Message History

The adder bites you but does no damage.
You closely miss the adder.
The adder is almost dead.
The adder barely misses you. x2
You miss the adder.
The adder is almost dead.
The adder closely misses you.
You closely miss the adder.
The adder is almost dead.
The adder bites you. The adder bites you but does no damage.
You closely miss the adder.
The adder is almost dead.
The adder bites you.
You are poisoned.
The adder poisons you!
You barely miss the adder.
The adder is almost dead.
You feel sick. The adder bites you. x2
You are too injured to fight recklessly!
You are too injured to fight recklessly!
You closely miss the adder.
The adder is almost dead.
You feel sick. The adder bites you.
You closely miss the adder.
The adder is almost dead.
You feel sick. The adder bites you but does no damage. The adder misses you.
You miss the adder.
The adder is almost dead.
You feel sick. The adder barely misses you.
You closely miss the adder.
The adder is almost dead.
You feel sick. The adder bites you.
* * * LOW HITPOINT WARNING * * *
The adder barely misses you.
It was a potion of flight.
You feel very buoyant.
You fly up into the air.
You feel sick.
You are no longer poisoned.
The adder bites you.
You die...

#...#######....#
#.........'....#
###.#######....# #
#######'## #....# #
#.....[..# #....# #
#........######....# #
#.................######
#######'#.#.......# #...
#@#.#.......# #...
#S#.#......####...
#.#.#.#####.......
..#.#. #.###... ..#.#
#.# #### )..#.#######.#
...#.........#
###############


You could see an adder.

Vanquished Creatures
  2 dart slugs
  A bat (D:1)
  2 endoplasms (D:2)
  4 giant cockroaches (D:1)
  A hobgoblin (D:1)
  2 kobolds (D:1)
  A quokka (D:1)
  A ball python (D:1)
  A frilled lizard (D:1)
  A goblin (D:1)
16 creatures vanquished.

Notes
Turn   | Place    | Note
-------+----------+-------------------------------------------
     0 | D:1      | scionoferis the Naga Warper began the quest for the Orb.
     0 | D:1      | Reached XP level 1. HP: 19/19 MP: 3/3
   471 | D:1      | Reached XP level 2. HP: 25/26 MP: 5/5
   478 | D:1      | Learned a level 2 spell: Blink
   667 | D:1      | Found Jaesch's Antique Weapon Boutique.
   909 | D:1      | Found Ojapyn's Distillery.
  1149 | D:2      | Slain by an adder

Illustrated notes

Levels and vault maps discovered:
D:1:      dpeg_arrival_tiny_h, layout_rooms, serial_shops,
          nicolae_shop_statue_plus, nicolae_lakefront_shop,
          nicolae_figureground_sparkle
D:2:      layout_basic

Action                   || total
-------------------------++-------
Melee: Falchion          ||    67
  Use: Potion            ||     1
Armor: Leather armour    ||    19
Dodge: Dodged            ||    35

Table legend: (Time is in decaauts)
 A = Elapsed time spent in this place.
 B = Non-inter-level travel time spent in this place.
 C = Inter-level travel time spent in this place.
 D = Time resting spent in this place.
 E = Time spent auto-exploring this place.
 F = Levels seen in this place.
 G = Mean time per level.
                   A        B        C        D        E       F      G
               +--------+--------+--------+--------+--------+-----+--------+
         Total |   1399 |   1349 |     50 |    155 |    979 |   2 |  699.5 |
       Dungeon |   1399 |   1349 |     50 |    155 |    979 |   2 |  699.5 |
               +--------+--------+--------+--------+--------+-----+--------+

Top non-repeatable levels by time:
     D:1: 1206 daAuts
     D:2: 192 daAuts
